 Dungeon Crawl Stone Soup version 0.23.0 (webtiles) character file.

Game seed: 3095937409786336147

10142 Yuikono the Thaumaturge (level 11, -24/97 HPs)
             Began as a Yellow Draconian Conjurer on Feb 12, 2019.
             Was an Elder of Sif Muna.
             Annihilated by an alligator simulacrum (35 damage)
             ... in an ice cave.
             The game lasted 00:46:41 (12990 turns).

Yuikono the Thaumaturge (DrCj)                     Turns: 12990, Time: 00:46:42

Health: -24/97     AC: 16    Str: 11    XL:     11   Next: 32%
Magic:  12/25      EV: 12    Int: 22    God:    Sif Muna [****..]
Gold:   795        SH:  0    Dex: 11    Spells: 5/30 levels left

rFire    . . .     SeeInvis .   E - +6 hand axe (freeze)
rCold    . . .     Gourm    .   (no shield)
rNeg     . . .     Faith    .   (armour unavailable)
rPois    .         Spirit   .   (helmet restricted)
rElec    .         Reflect  .   a - +2 cloak
rCorr    .         Harm     .   D - +2 pair of gloves
MR       .....                  L - +2 pair of boots
Stlth    +++.......             v - amulet of magic regeneration
HPRegen  0.26/turn              e - +3 ring of intelligence
MPRegen  0.44/turn              Z - ring of stealth

@: slowed, very slow
A: spit acid, unfitting armour, cold-blooded, AC +7
a: Breathe Acid, Divine Energy, Channel Magic, Forget Spell, Renounce Religion


You were in an ice cave.
You worshipped Sif Muna.
Sif Muna was greatly pleased with you.
You were not hungry.

You visited 2 branches of the dungeon, and saw 12 of its levels.
You also visited: Ice Cave.

You collected 795 gold pieces.

Inventory:

Hand Weapons
 E - a +6 hand axe of freezing (weapon)
 I - a +1 hunting sling of velocity
 K - the +5 triple crossbow of the Sky {penet, rElec MR- Dex+5}
   (You found it on level 5 of the Dungeon)

   Ammo fired by it will pass through the targets it hits, potentially hitting
   all targets in its path until it reaches maximum range.
   It affects your dexterity (+5).
   It insulates you from electricity.
   It affects your resistance to hostile enchantments.
Missiles
 g - 66 sling bullets
 j - 150 stones
 o - 36 poisoned needles
 w - 115 arrows
 H - 5 tomahawks
 M - 2 throwing nets
 O - 5 javelins (quivered)
 Q - 8 silver javelins
 T - 12 bolts
Armour
 a - a +2 cloak (worn)
 f - a +1 pair of gloves
 B - a +0 pair of boots
 D - a +2 pair of gloves (worn)
 L - a +2 pair of boots (worn)
Jewellery
 e - a +3 ring of intelligence (left hand)
 q - an uncursed ring of fire
 r - an uncursed amulet of the acrobat
 v - an amulet of magic regeneration (around neck)
 Z - a ring of stealth (right hand)
Wands
 n - a wand of acid (10)
 p - a wand of polymorph (14)
 s - a wand of enslavement (8)
 y - a wand of clouds (6)
 U - a wand of flame (21)
 W - a wand of iceblast (3)
Scrolls
 h - 8 scrolls of identify
 m - 5 scrolls of amnesia
 u - 6 scrolls of teleportation
 x - 2 scrolls of enchant armour
 C - a scroll of fog
 J - a scroll of immolation
 V - a scroll of vulnerability {unknown}
 X - 4 scrolls of remove curse
Potions
 c - 2 potions of agility
 d - a potion of cancellation {unknown}
 i - a potion of heal wounds {unknown}
 t - a potion of degeneration {unknown}
 z - a potion of curing
 A - a potion of invisibility {unknown}
 F - a potion of haste {unknown}
 N - a potion of magic {unknown}
 P - a potion of lignification {unknown}
 R - a potion of flight
 S - 2 potions of brilliance
Comestibles
 b - 29 rations


   Skills:
 + Level 9.2 Fighting
 - Level 1.7 Dodging
 - Level 1.7 Stealth
 + Level 10.4 Spellcasting
 - Level 8.5 Conjurations
 + Level 8.4 Air Magic


You had 5 spell levels left.
You knew the following spells:

 Your Spells              Type           Power        Failure   Level  Hunger
a - Magic Dart            Conj           ####         1%          1    None
b - Searing Ray           Conj           #####.       1%          2    None
c - Dazzling Spray        Conj/Hex       ####..       3%          3    None
d - Iskenderun's Mystic   Conj           #####...     1%          4    #......
e - Force Lance           Conj/Tloc      ####....     10%         4    #......
f - Fulminant Prism       Conj/Hex       ####......   10%         4    #......
g - Static Discharge      Conj/Air       #####...     1%          3    None
h - Airstrike             Air            #####.....   1%          4    #......

Your spell library contained the following spells:

 Spells                   Type           Power        Failure   Level  Hunger
 Shock                    Conj/Air       ####         1%          1    None
 Swiftness                Chrm/Air       ####....     1%          2    None
 Lightning Bolt           Conj/Air       #####.....   4%          5    ####...
 Recall                   Summ/Tloc      N/A          17%         3    None
 Aura of Abjuration       Summ           ##........   85%         5    ####...
 Summon Demon             Summ           ##........   85%         5    ####...
 Summon Forest            Summ/Tloc      ##........   85%         5    ####...
 Summon Mana Viper        Hex/Summ       ##......     85%         5    ####...
 Shadow Creatures         Summ           N/A          100%        6    ######.


Dungeon Overview and Level Annotations

Branches:
Dungeon (11/15)            Temple (1/1) D:5            Lair (0/6) D:8
    Orc (0/2) D:10

Altars:
Ashenzari
Cheibriados
Dithmenos
Elyvilon
Fedhas
Gozag
Hepliaklqana
Kikubaaqudgha
Makhleb
Nemelex Xobeh
Okawaru
Qazlal
Ru
Sif Muna
Trog
Uskayaw
Vehumet
Wu Jian
Xom
Yredelemnul
Zin
The Shining One

Annotations:
D:2 1 runed translucent door, Crazy Yiuf


Innate Abilities, Weirdness & Mutations

You can spit globs of acid.
Your golden yellow scales are hard. (AC +7)
You cannot fit into any form of body armour.
You are cold-blooded and may be slowed by cold attacks.


Message History

The alligator simulacrum barely misses you.
The alligator simulacrum tail-slaps you but does no damage.
You barely miss the alligator simulacrum.
The alligator simulacrum is heavily damaged.
The alligator simulacrum misses you.
The alligator simulacrum tail-slaps you!
The alligator simulacrum freezes you!!
* * * LOW HITPOINT WARNING * * *
Casting: Magic Dart (safe; 1% risk of failure)
Confirm with . or Enter, or press ? or * to list all spells.
The alligator simulacrum is struck by an arc of lightning.
The alligator simulacrum is heavily damaged.
You are struck by an arc of lightning.
* * * LOW HITPOINT WARNING * * *
The alligator simulacrum is struck by an arc of lightning.
The alligator simulacrum is severely damaged.
The lightning grounds out.
The alligator simulacrum bites you!
* * * LOW HITPOINT WARNING * * *
The alligator simulacrum freezes you!!
You feel yourself slow down.
You die...

#### ##
##..##
##..##....##
#..........#
......Z@.∩.#
..##.......#
###....##
##..## ####


You could see an alligator simulacrum.

Vanquished Creatures
  Josephine (D:10)
  2 unseen horrors (D:10)
  Maurice (D:9)
  A cyclops (D:7)
  A troll (D:10)
  2 wolf spider simulacra (IceCv)
  Grinder (D:6)
  5 wraiths
  5 yaks (D:8)
  2 hungry ghosts
  Grum (D:10)
  The ghost of Yuikono the Conjurer, an amateur DrCj (D:5)
  3 porcupines (D:8)
  11 ice beasts
  A sky beast (D:7)
  A necrophage (D:4)
  5 ogres
  4 orc warriors
  3 wolves (D:10)
  A centaur (D:10)
  5 bullfrogs
  13 wights
  6 crimson imps
  4 bullfrog zombies
  4 jellies
  A quasit (D:7)
  A bullfrog skeleton (D:10)
  4 hounds
  2 orc priests
  9 orc wizards
  Ijyb (D:4)
  3 iguanas
  7 worker ants
  A wolf simulacrum (IceCv)
  A hound zombie (D:8)
  2 hound skeletons
  A worker ant zombie (D:10)
  3 gnolls (D:5)
  7 adders
  An ooze (D:4)
  2 adder skeletons (D:6)
  A worm (D:2)
  3 dart slugs
  5 leopard geckos
  23 orcs
  3 ball pythons
  A bat zombie (D:2)
  4 giant cockroaches
  12 goblins
  7 hobgoblins
  10 jackals
  A quokka (D:10)
  3 bats
  4 frilled lizards
  7 kobolds
  A leopard gecko zombie (D:5)
  A quokka zombie (D:7)
  9 rats
  3 rat zombies (D:2)
  A fungus (D:8)
229 creatures vanquished.

Vanquished Creatures (others)
  7 fulminant prisms
  2 fungi (D:8)
  A plant (D:8)
10 creatures vanquished.

Grand Total: 239 creatures vanquished

Notes
Turn   | Place    | Note
-------+----------+-------------------------------------------
     0 | D:1      | Yuikono the Draconian Conjurer began the quest for the Orb.
     0 | D:1      | Reached XP level 1. HP: 14/14 MP: 3/3
   262 | D:1      | Reached XP level 2. HP: 20/20 MP: 5/5
  1110 | D:1      | Learned a level 2 spell: Searing Ray
  1181 | D:2      | Reached XP level 3. HP: 25/26 MP: 7/7
  1184 | D:2      | Found an ancient bone altar of Kikubaaqudgha.
  1275 | D:2      | Reached skill level 3 in Spellcasting
  1385 | D:2      | Reached XP level 4. HP: 33/33 MP: 5/8
  1653 | D:2      | Reached skill level 5 in Conjurations
  1996 | D:2      | Found an ancient bone altar of Kikubaaqudgha.
  2192 | D:2      | Found a runed translucent door.
  2193 | D:2      | Noticed Crazy Yiuf
  2245 | D:3      | Found an iron altar of Okawaru.
  2289 | D:3      | Reached XP level 5. HP: 37/38 MP: 5/10
  3101 | D:4      | Learned a level 3 spell: Dazzling Spray
  3106 | D:4      | Learned a level 4 spell: Iskenderun's Mystic Blast
  3299 | D:4      | Found a shattered altar of Ashenzari.
  3343 | D:4      | Noticed an ogre
  3361 | D:4      | Killed an ogre
  3361 | D:4      | Reached skill level 4 in Spellcasting
  3361 | D:4      | Reached XP level 6. HP: 45/45 MP: 0/12
  3706 | D:4      | Noticed Ijyb
  3797 | D:3      | Learned a level 4 spell: Force Lance
  3818 | D:4      | Found a glowing golden altar of the Shining One.
  3856 | D:4      | Killed Ijyb
  3944 | D:4      | Found a snail-covered altar of Cheibriados.
  3970 | D:4      | Found a hazy altar of Hepliaklqana.
  3987 | D:4      | Found a bloodstained altar of Trog.
  4393 | D:5      | Entered Level 5 of the Dungeon
  4427 | D:5      | Reached skill level 5 in Spellcasting
  4623 | D:5      | Your scales start taking on a golden yellow colour.
  4623 | D:5      | Reached XP level 7. HP: 50/50 MP: 7/14
  5257 | D:5      | Found a staircase to the Ecumenical Temple.
  5284 | Temple   | Entered the Ecumenical Temple
  5588 | Temple   | Became a worshipper of Sif Muna the Loreminder
  5709 | D:5      | Reached skill level 6 in Spellcasting
  5770 | D:5      | Found a shimmering altar of Xom.
  5901 | D:5      | Reached XP level 8. HP: 54/54 MP: 11/17
  5921 | D:5      | Found a runed translucent door.
  5921 | D:5      | Noticed Yuikono's ghost (amateur DrCj)
  5937 | D:5      | Killed Yuikono's ghost
  5950 | D:5      | Got a translucent triple crossbow
  5951 | D:5      | Identified the +5 triple crossbow of the Sky {penet, rElec
                  | MR- Dex+5} (You found it on level 5 of the Dungeon)
  6182 | D:5      | Learned a level 4 spell: Fulminant Prism
  6185 | D:6      | Noticed Grinder
  6195 | D:6      | Killed Grinder
  6195 | D:6      | Reached * piety under Sif Muna
  6244 | D:6      | Reached skill level 7 in Spellcasting
  6380 | D:6      | Found a sparkling altar of Nemelex Xobeh.
  6504 | D:6      | Found an opulent altar of Gozag.
  6784 | D:6      | Found a radiant altar of Vehumet.
  6837 | D:7      | Learned a level 3 spell: Static Discharge
  7031 | D:7      | Reached skill level 1 in Fighting
  7131 | D:7      | Found a glowing silver altar of Zin.
  7137 | D:7      | Found a hide-covered altar of Uskayaw.
  7140 | D:7      | Found a stormy altar of Qazlal.
  7187 | D:7      | Reached skill level 1 in Air Magic
  7485 | D:7      | Noticed a cyclops
  7586 | D:7      | Killed a cyclops
  7586 | D:7      | Reached XP level 9. HP: 66/67 MP: 0/20
  7893 | D:7      | Reached ** piety under Sif Muna
  8078 | D:8      | Reached skill level 8 in Spellcasting
  8114 | D:8      | Reached skill level 5 in Fighting
  8292 | D:8      | Reached skill level 5 in Air Magic
  8482 | D:8      | Found a staircase to the Lair.
  8720 | D:8      | Found a radiant altar of Vehumet.
  8872 | D:8      | Reached *** piety under Sif Muna
  8872 | D:8      | Reached XP level 10. HP: 59/80 MP: 7/22
  9367 | D:9      | Reached skill level 9 in Spellcasting
  9633 | D:9      | Learned a level 4 spell: Airstrike
  9735 | D:9      | Noticed Maurice
  9866 | D:9      | Killed Maurice
 10067 | D:10     | Entered Level 10 of the Dungeon
 10486 | D:10     | Killed an unseen horror
 10627 | D:10     | Noticed Grum
 10648 | D:10     | Killed Grum
 10754 | D:10     | Reached **** piety under Sif Muna
 11419 | D:10     | Reached skill level 10 in Spellcasting
 11430 | D:10     | Found a staircase to the Orcish Mines.
 11624 | D:10     | Noticed Josephine
 11654 | D:10     | Killed an unseen horror
 11654 | D:10     | Reached XP level 11. HP: 21/95 MP: 2/25
 12110 | D:10     | HP: 2/95 [Josephine/vampiric draining (24)]
 12550 | D:10     | Killed Josephine
 12867 | D:11     | Noticed a cyan ugly thing
 12868 | D:11     | Found a frozen archway.
 12982 | IceCv    | Entered an ice cave
 12990 | IceCv    | Annihilated by an alligator simulacrum

Skill      XL: |  1  2  3  4  5  6  7  8  9 10 11 |
---------------+----------------------------------+-----
Spellcasting   | 3 4 5 6 7 8 10 | 10.4
Conjurations   | 5 6 7 8 |  8.5
Fighting       | 3 6 8 9 |  9.2
Air Magic      | 3 5 7 8 |  8.4
Dodging        | |  1.7
Stealth        | |  1.7

Action                   |  1- 3 |  4- 6 |  7- 9 | 10-12 || total
-------------------------+-------+-------+-------+-------++-------
Melee: Dagger            |    50 |   162 |    21 |       ||   233
       Tailslap          |     7 |    11 |    12 |    11 ||    41
       Unarmed           |       |    14 |       |       ||    14
       Hand axe          |       |       |   155 |    94 ||   249
Throw: Stone             |       |     1 |     3 |       ||     4
       Javelin           |       |       |     3 |    11 ||    14
 Cast: Magic Dart        |    27 |    87 |    54 |    24 ||   192
       Searing Ray       |       |     3 |     6 |     6 ||    15
       Iskenderun's Myst |       |    11 |    40 |    38 ||    89
       Dazzling Spray    |       |     2 |     1 |       ||     3
       Fulminant Prism   |       |       |     7 |       ||     7
       Force Lance       |       |       |     3 |    38 ||    41
       Static Discharge  |       |       |     2 |    29 ||    31
       Airstrike         |       |       |       |     5 ||     5
Evoke: Wand              |       |       |       |     3 ||     3
  Use: Scroll            |       |    12 |     3 |     6 ||    21
       Potion            |       |       |       |     7 ||     7
 Stab: Sleeping          |     3 |     1 |     2 |     1 ||     7
  Eat: Chunk             |     2 |    11 |    12 |     4 ||    29
       Ration            |       |       |     2 |     4 ||     6
Armor: Skin              |    16 |    63 |   117 |   106 ||   302
Dodge: Dodged            |    31 |   126 |   158 |    98 ||   413
